 Dungeon Crawl Stone Soup version 0.31.0-12-g77e489cdc1 (webtiles) character file.

Game seed: 10448021823822136296

73 Logoto the Trooper (level 4, 0/40 HPs)
             Began as a Hill Orc Fighter on Feb 21, 2024.
             Killed from afar by Ijyb (10 damage)
             ... with a bolt of light
             ... on level 3 of the Dungeon.
             The game lasted 00:03:12 (1367 turns).

Logoto the Trooper (Hill Orc Fighter)               Turns: 1367, Time: 00:03:12

Health: 0/40       AC: 12    Str: 18    XL:     4   Next: 27%
Magic:  4/4        EV:  9    Int:  8    God:
Gold:   21         SH:  4    Dex: 12    Spells: 3/3 levels left

rFire   . . .        a - +0 war axe
rCold   . . .        c - +0 buckler
rNeg    . . .        b - +0 scale mail
rPois   .            e - +0 helmet
rElec   .            (no cloak)
rCorr   .            (no gloves)
SInv    .            (no boots)
Will    .....        (no amulet) Stlth
                     f - +4 ring of slaying
HPRegen 0.26/turn    l - +4 ring of protection
MPRegen 0.09/turn

%: no passive effects
@: no status effects
A: no striking features
a: no special abilities


You were on level 3 of the Dungeon.
You visited 1 branch of the dungeon, and saw 3 of its levels.

You collected 21 gold pieces.

Inventory:

Hand Weapons
 a - a +0 war axe (weapon)
Armour
 b - a +0 scale mail (worn)
 c - a +0 buckler (worn)
 e - a +0 helmet (worn)
Jewellery
 f - a +4 ring of slaying (left hand)
 l - a +4 ring of protection (right hand)
Scrolls
 g - a scroll of teleportation {unknown}
 h - 4 scrolls of revelation {unknown}
 i - 2 scrolls of blinking {unknown}
 j - a scroll of identify {unknown}
 k - a scroll of fog {unknown}
Potions
 d - a potion of might


   Skills:
 + Level 4.2 Fighting
 + Level 4.1 Axes
 + Level 4.0 Armour
 + Level 0.3 Dodging
 + Level 3.6 Shields


You had 3 spell levels left.
You didn't know any spells.
Your spell library contained the following spells:

 Spells                   Type           Power      Damage    Failure   Level
 Fugue of the Fallen      Necr           0%         N/A       99%         3
 Ozocubu's Armour         Ice            0%         N/A       99%         3
 Manifold Assault         Tloc           0%         N/A       100%        4


Dungeon Overview and Level Annotations

Branches:
Dungeon (3/15)

Altars:

Annotations:
D:3 Ijyb


Message History

Ijyb zaps a wand.
The bolt of light hits you!
You are confused.
You bump into the rock wall.
You bump into the rock wall.
You feel less confused. The orc attacks as it pursues you! The orc misses you.
The orc attacks as it pursues you! The orc barely misses you.
The orc attacks as it pursues you! The orc barely misses you.
Ijyb screams, "Die!"
The orc attacks as it pursues you! The orc hits you but does no damage.
You hit the orc.
The orc is moderately wounded.
The orc hits you but does no damage.
You slash the orc!
You kill the orc!
You hit the orc.
The orc is moderately wounded.
You block the orc's attack.
You closely miss the orc.
The orc is moderately wounded.
The orc closely misses you.
Ijyb zaps a wand.
The bolt of light hits the orc!
The orc dies!
The bolt of light hits you!
* * * LOW HITPOINT WARNING * * *
Ijyb hits you with a +0 club.
* * * LOW HITPOINT WARNING * * *
Items here: )) [ †.
You slash Ijyb!
Ijyb is moderately wounded.
Ijyb hits you but does no damage.
You barely miss Ijyb.
Ijyb is moderately wounded.
Ijyb hits you but does no damage. Ijyb closely misses you.
You slash Ijyb!
Ijyb is severely wounded.
You block Ijyb's attack.
You hit Ijyb.
Ijyb is almost dead.
Ijyb zaps a wand.
The bolt of light hits you!
You die...

.#..# ..# .#..#
###...# ....#
#.#...#
.#..#####.#...#
.#........[...#
....ggo.......#
.......#g.#...#
##..####..#...#####
.............ogg@.#
...|..........#####
..............#
#..###.#..#####
#..# #.#..# ......
##.#### #.


You could see Ijyb, an orc and a hobgoblin.

Vanquished Creatures
  2 adders (D:2)
  A dart slug (D:1)
  A ribbon worm (D:2)
  An orc (D:3)
  A bat (D:2)
  7 endoplasms
  5 giant cockroaches
  6 hobgoblins
  6 jackals
  A quokka (D:2)
  4 ball pythons
  3 frilled lizards
  A goblin (D:2)
  A kobold (D:2)
  3 rats (D:2)
43 creatures vanquished.

Vanquished Creatures (others)
  An orc (D:3)
1 creature vanquished.

Grand Total: 44 creatures vanquished

Notes
Turn   | Place    | Note
-------+----------+-------------------------------------------
     0 | D:1      | Logoto the Hill Orc Fighter began the quest for the Orb.
     0 | D:1      | Reached XP level 1. HP: 19/19 MP: 1/1
    37 | D:1      | Reached XP level 2. HP: 21/27 MP: 2/2
   667 | D:2      | Reached XP level 3. HP: 33/33 MP: 3/3
   920 | D:2      | Found a faded altar of an unknown god.
   940 | D:2      | Reached XP level 4. HP: 35/40 MP: 4/4
  1333 | D:3      | Noticed Ijyb
  1367 | D:3      | Killed from afar by Ijyb

Illustrated notes

Levels and vault maps discovered:
D:1:      lightli_molten_gateway, layout_loops_ring
D:2:      layout_loops_ring, hellmonk_ecumenical_altar_pennies_from_heaven
D:3:      layout_basic, mainiacjoe_overflow_alcove_4,
          nicolae_uskayaw_dance_hall, chequers_temple_overflow_minitemple,
          st_stairs_2, uniq_ijyb

Skill      XL: |  1  2  3  4 |
---------------+-------------+-----
Axes           | 3 4 |  4.1
Fighting       | 4 |  4.2
Armour         | 4 |  4.0
Dodging        | |  0.3
Shields        | |  3.6

Action                     |  1- 3 |  4- 6 || total
---------------------------+-------+-------++-------
  Melee: War axe           |    88 |    31 ||   119
 Armour: Scale mail        |    68 |    21 ||    89
  Dodge: Dodged            |    38 |    17 ||    55
  Block: Buckler           |    15 |     5 ||    20
